 Dungeon Sprint DCSS version bcrawl-1.19.2-6-g6a88ae04c9 (webtiles) character file.

Game seed: 9129956038242256783

1257 Freyura the Basher (level 8, -5/56 HPs)
             Began as a Gargoyle Fighter on Jan 7, 2020.
             Slain by a seven-headed hydra (10 damage)
             ... in the Dungeon (Sprint IX: "|||||||||||||||||||||||||||||").
             The game lasted 00:02:27 (395 turns).

Freyura the Basher (Gargoyle Fighter)                Turns: 395, Time: 00:02:27

Health: -5/56      AC: 28    Str: 21    XL:     8   Next: 51%
Magic:  8/8        EV: 11    Int:  8    God:
Gold:   0          SH: 11    Dex: 11    Spells: 7/7 levels left

rFire    . . .     SeeInvis .   n - +2 morningstar (protect)
rCold    . . .     Gourm    .   c - +0 shield
rNeg     + . .     Faith    .   q - +1 chain mail
rPois    ∞         Spirit   .   (no helmet)
rElec    +         Reflect  .   (no cloak)
rCorr    .         Harm     .   (no gloves)
MR       .....     NoTele   +   o - +0 pair of boots
Stlth    ..........             (no amulet)
HPRegen  0.18/turn              p - +2 ring of evasion
MPRegen  0.11/turn              r - +2 ring of protection

@: protection aura
A: negative energy resistance 1, electricity resistance, unbreathing,
petrification resistance, rot immunity, AC +5
a: no special abilities


You were in the Dungeon.
You were not hungry.

You visited 1 branch

Inventory:

Hand Weapons
 n - a +2 morningstar of protection (weapon)
Armour
 c - a +0 shield (worn)
 o - a +0 pair of boots (worn)
 q - a +1 chain mail (worn)
Jewellery
 p - a +2 ring of evasion (left hand)
 r - a +2 ring of protection (right hand)
Wands
 m - a wand of acid (10)
Scrolls
 j - 3 scrolls of remove curse
 k - 2 scrolls of blinking
 l - 2 scrolls of amnesia
Potions
 d - a potion of invisibility
 e - 5 potions of curing
 g - 3 potions of heal wounds
 h - a potion of haste
 i - 4 potions of magic
Comestibles
 f - a ration {!d}


   Skills:
 + Level 8.8 Fighting
 * Level 10.8 Maces & Flails
 + Level 9.0 Armour
 + Level 6.2 Dodging
 + Level 8.9 Shields


You had 7 spell levels left.
You didn't know any spells.
Your spell library was empty.

Dungeon Overview and Level Annotations

Branches:
Dungeon (1/1)

Altars:
Cheibriados
Dithmenos
Elyvilon
Fedhas
Gozag
Hepliaklqana
Kikubaaqudgha
Lugonu
Makhleb
Nemelex Xobeh
Okawaru
Qazlal
Ru
Sif Muna
Trog
Uskayaw
Vehumet
Wu Jian
Xom
Yredelemnul
Zin
The Shining One
Beogh
Jiyva


Innate Abilities, Weirdness & Mutations

You are resistant to torment.
Your stone body is resilient. (AC +5)
You are immune to poison.
You resist negative energy. (rN+)
You are resistant to electric shocks. (rElec)
You can survive without breathing.
You are immune to petrification.
You are immune to rotting.


Message History

The seven-headed hydra bites you but does no damage. x2
The seven-headed hydra bites you!
* * * LOW HITPOINT WARNING * * *
The seven-headed hydra bites you but does no damage.
You completely miss the seven-headed hydra.
The seven-headed hydra is almost dead.
The seven-headed hydra closely misses you. x2
The seven-headed hydra bites you but does no damage.
The seven-headed hydra closely misses you.
The seven-headed hydra bites you.
* * * LOW HITPOINT WARNING * * *
The seven-headed hydra bites you but does no damage.
You block the seven-headed hydra's attack.
You puncture the seven-headed hydra!
The seven-headed hydra is almost dead.
The seven-headed hydra misses you.
The seven-headed hydra closely misses you.
You block the seven-headed hydra's attack.
The seven-headed hydra bites you!
You die... ▓▓▓▓▓▓▓▓▓▓▓▓▓▓▓▓▓▓▓▓▓▓▓▓ _______'..|).[..@DZ..... ▓▓▓▓▓▓▓▓▓▓▓▓▓▓▓▓▓▓▓▓▓▓▓▓

You could see a seven-headed hydra and a leopard gecko zombie.

Vanquished Creatures
  An ogre mage (D)
  A hippogriff (D)
  A shadow (D)
  A sky beast (D)
  A centaur (D)
  A worker ant (D)
  An adder (D)
  A bat (D)
  A bat zombie (D)
  A giant cockroach (D)
  A hobgoblin (D)
  2 kobolds (D)
  A leopard gecko skeleton (D)
14 creatures vanquished.

Notes
Turn   | Place    | Note
-------+----------+-------------------------------------------
     0 | D        | Freyura the Gargoyle Fighter began the quest for the Orb.
     0 | D        | Reached XP level 1. HP: 14/14 MP: 1/1
   150 | D        | Noticed a sky beast
   150 | D        | Noticed a worker ant
   150 | D        | Noticed a centaur
   160 | D        | Killed a sky beast
   160 | D        | Reached skill level 5 in Fighting
   160 | D        | Reached skill level 5 in Maces & Flails
   160 | D        | Reached skill level 5 in Armour
   160 | D        | Reached skill level 5 in Shields
   160 | D        | Reached XP level 2. HP: 21/21 MP: 2/2
   160 | D        | Reached XP level 3. HP: 26/26 MP: 3/3
   160 | D        | Reached XP level 4. HP: 31/31 MP: 4/4
   165 | D        | Reached XP level 5. HP: 35/35 MP: 5/5
   170 | D        | Killed a centaur
   170 | D        | Reached skill level 6 in Maces & Flails
   283 | D        | Found a roughly hewn altar of Beogh.
   283 | D        | Found a snail-covered altar of Cheibriados.
   283 | D        | Found a shadowy altar of Dithmenos.
   283 | D        | Found a white marble altar of Elyvilon.
   283 | D        | Found a blossoming altar of Fedhas.
   283 | D        | Found an opulent altar of Gozag.
   284 | D        | Found a hazy altar of Hepliaklqana.
   285 | D        | Found a viscous altar of Jiyva.
   286 | D        | Found an ancient bone altar of Kikubaaqudgha.
   287 | D        | Found a corrupted altar of Lugonu.
   288 | D        | Found a burning altar of Makhleb.
   289 | D        | Found a sparkling altar of Nemelex Xobeh.
   290 | D        | Found an iron altar of Okawaru.
   291 | D        | Found a stormy altar of Qazlal.
   292 | D        | Found a sacrificial altar of Ru.
   293 | D        | Found a shimmering blue altar of Sif Muna.
   294 | D        | Found a bloodstained altar of Trog.
   295 | D        | Found a hide-covered altar of Uskayaw.
   296 | D        | Found a radiant altar of Vehumet.
   297 | D        | Found an ornate altar of the Wu Jian Council.
   298 | D        | Found a shimmering altar of Xom.
   299 | D        | Found a basalt altar of Yredelemnul.
   300 | D        | Found a glowing silver altar of Zin.
   301 | D        | Found a glowing golden altar of the Shining One.
   350 | D        | Noticed a hippogriff
   350 | D        | Noticed a shadow
   350 | D        | Noticed an ogre mage
   350 | D        | Noticed a seven-headed hydra
   358 | D        | Killed a hippogriff
   358 | D        | Reached skill level 8 in Maces & Flails
   358 | D        | Reached XP level 6. HP: 41/42 MP: 6/6
   375 | D        | Killed a shadow
   375 | D        | Reached skill level 9 in Maces & Flails
   375 | D        | Reached skill level 5 in Dodging
   375 | D        | Reached XP level 7. HP: 37/48 MP: 7/7
   381 | D        | Killed an ogre mage
   381 | D        | Reached skill level 10 in Maces & Flails
   381 | D        | Reached XP level 8. HP: 44/56 MP: 8/8
   395 | D        | Slain by a seven-headed hydra

Skill      XL: |  1  2  3  4  5  6  7 |
---------------+----------------------+-----
Fighting       | 5 6 7 8 |  8.8
Maces & Flails | 5 8 9 10 | 10.8
Armour         | 5 6 7 9 |  9.0
Dodging        | 2 3 4 5 6 |  6.2
Shields        | 5 7 8 |  8.9

Action                   |  1- 3 |  4- 6 |  7- 9 || total
-------------------------+-------+-------+-------++-------
Melee: Flail             |    42 |    13 |       ||    55
       Morningstar       |       |    25 |    20 ||    45
  Use: Potion            |     2 |       |       ||     2
Armor: Scale mail        |    25 |    10 |       ||    35
       Chain mail        |       |    12 |    44 ||    56
Dodge: Dodged            |    12 |    14 |    20 ||    46
Block: Shield            |    22 |    30 |    29 ||    81
